 Dungeon Crawl Stone Soup version 0.25-a0-290-g4a1327e (webtiles) character file.

Game seed: 17365626902978249626, levelgen mode: deterministic

41 Ayyar the Skirmisher (level 3, 0/24 HPs)
             Began as a Gargoyle Berserker on Dec 14, 2019.
             Was a Follower of Trog.
             Slain by a hobgoblin
             ... wielding a +0 club
              (2 damage)
             ... on level 1 of the Dungeon.
             The game lasted 00:08:09 (1189 turns).

Ayyar the Skirmisher (Gargoyle Berserker)           Turns: 1189, Time: 00:08:09

Health: 0/24       AC:  6    Str: 21    XL:     3   Next: 52%
Magic:  3/3        EV: 11    Int:  7    God:    Trog [*.....]
Gold:   54         SH:  2    Dex:  9    Spells: 2/2 levels left

rFire    . . .     SeeInvis .   a - +0 mace
rCold    . . .     Gourm    .   g - +0 buckler
rNeg     + . .     Faith    .   k - +0 leather armour
rPois    ∞         Spirit   .   (no helmet)
rElec    +         Reflect  .   (no cloak)
rCorr    .         Harm     .   (no gloves)
MR       .....                  (no boots)
Stlth    +.........             (no amulet)
HPRegen  0.08/turn              (no ring)
MPRegen  0.08/turn              (no ring)

@: no status effects
A: negative energy resistance 1, electricity resistance, unbreathing,
petrification resistance, rot immunity, AC +3
a: Berserk, Renounce Religion


You were on level 1 of the Dungeon.
You worshipped Trog.
Trog was aware of your devotion.
You were not hungry.

You visited 1 branch of the dungeon, and saw 2 of its levels.

You collected 54 gold pieces.

Inventory:

Hand Weapons
 a - a +0 mace (weapon)
Armour
 g - a +0 buckler (worn)
 k - a +0 leather armour (worn)
Jewellery
 b - an uncursed ring of protection from cold {unknown}
 j - a cursed -2 ring of intelligence {unknown}
Scrolls
 i - a scroll of magic mapping {unknown}
Potions
 e - 2 potions of curing {unknown}
 f - a potion of degeneration {unknown}
Comestibles
 c - 3 rations
 d - a chunk of flesh


   Skills:
 + Level 3.6 Fighting
 * Level 3.5 Maces & Flails
 + Level 2.7 Armour
 - Level 2.0 Dodging


You had 2 spell levels left.
You didn't know any spells.
Your spell library was empty.

Dungeon Overview and Level Annotations

Branches:
Dungeon (2/15)

Altars:


Innate Abilities, Weirdness & Mutations

You are resistant to torment.
Your stone body is resilient. (AC +3)
You are immune to poison.
You resist negative energy. (rN+)
You are resistant to electric shocks. (rElec)
You can survive without breathing.
You are immune to petrification.
You are immune to rotting.


Message History

There is a stone staircase leading down here.
The adder misses you.
There is a stone staircase leading down here.
There is an open door here.
You thump the adder!
The adder is severely wounded.
The adder misses you. The adder closely misses you.
You hit the adder.
You kill the adder!
Trog accepts your kill.
Training target 2.0 for Dodging reached!
Your Dodging skill increases to level 2!
The hobgoblin hits you but does no damage.
You hit the hobgoblin.
The hobgoblin is heavily wounded.
The hobgoblin closely misses you.
You closely miss the hobgoblin.
The hobgoblin is heavily wounded.
The hobgoblin hits you with a +0 club.
You die...

#........# ###.....#.......
#........# ###...............
#..#########.....###.........
#..#.......###...#####.......
#..+...<...'.................
#..#.......##...######.......
#..###########..##..........#
#..#.......#....##.####......
##.+.>.>.>Jg@#.....#.........
###.......#.#.......#.......
#########.#..###..........
#.#######.#.## #.........#
#.##........####..........
#.##......................
#.##......................
#.##........####.........)
#...........# #....)...÷.


You could see an ooze and a hobgoblin.

Vanquished Creatures
  An adder (D:1)
  2 worms (D:2)
  A dart slug (D:2)
  A leopard gecko (D:1)
  2 giant cockroaches (D:1)
  2 goblins (D:1)
  3 hobgoblins (D:1)
  2 kobolds (D:1)
  4 bats
  2 frilled lizards
  4 rats
24 creatures vanquished.

Notes
Turn   | Place    | Note
-------+----------+-------------------------------------------
     0 | D:1      | Ayyar the Gargoyle Berserker began the quest for the Orb.
     0 | D:1      | Reached XP level 1. HP: 14/14 MP: 1/1
   235 | D:1      | Reached XP level 2. HP: 10/19 MP: 2/2
   838 | D:2      | Reached XP level 3. HP: 19/23 MP: 3/3
  1179 | D:2      | HP: 1/23 [adder (1)]
  1189 | D:1      | Slain by a hobgoblin

Levels and vault maps discovered:
D:1:      minmay_arrival_up_and_down, layout_rooms, minmay_misc_feat_encased
D:2:      minmay_spotlight, layout_basic, first_ration,
          minmay_misc_feat_enclosed, uniq_sigmund, uniq_terence

Skill      XL: |  1  2  3 |
---------------+----------+-----
Dodging        | 2 |  2.0
Fighting       | |  3.6
Maces & Flails | |  3.5
Armour         | |  2.7

Action                   || total
-------------------------++-------
Melee: Mace              ||    85
Invok: Berserk           ||     1
  Eat: Chunk             ||     2
Armor: Animal skin       ||    12
       Leather armour    ||    26
Dodge: Dodged            ||    63
Block: Buckler           ||     5

Table legend:
 A = Non-vault XP
 B = Vault XP
 C = Vault XP percentage of total XP
 D = Non-vault monster count
 E = Vault monster count
 F = Vault count percentage of total count
                 A         B        C        D         E       F
            +---------+---------+-------+---------+---------+-------
      Total |      59 |       0 |   0.0 |      24 |       0 |   0.0
            +---------+---------+-------+---------+---------+-------
        D:1 |      42 |       0 |   0.0 |      18 |       0 |   0.0
        D:2 |      17 |       0 |   0.0 |       6 |       0 |   0.0
            +---------+---------+-------+---------+---------+-------
